 Dungeon Crawl Stone Soup version 0.32-a0-981-g384da2ce10 (webtiles) character file.

Game seed: 15180507458314923621

133 elagabalus the Firebug (level 5, -3/28 HPs)
             Began as a Gargoyle Fire Elementalist on Apr 20, 2024.
             Slain by a gnoll
             ... wielding a +0 flail
             ... led by a gnoll sergeant
              (5 damage)
             ... on level 5 of the Dungeon.
             The game lasted 00:16:04 (2018 turns).

elagabalus the Firebug (Gargoyle Fire Elementalist) Turns: 2018, Time: 00:16:05

Health: -3/28      AC:  7    Str: 12    XL:     5   Next: 16%
Magic:  8/8        EV: 10    Int: 17    God:
Gold:   154        SH:  0    Dex: 10    Spells: 1/8 levels left

rFire   . . .        d - staff of cold
rCold   + . .        (no shield)
rNeg    + + +        c - +0 leather armour
rPois   ∞            (no helmet)
rElec   +            (no cloak)
rCorr   .            (no gloves)
SInv    .            (no boots)
Will    .....        q - amulet of the acrobat
Stlth   ++           m - ring of positive energy
HPRegen 0.24/turn    p - ring of positive energy
MPRegen 0.11/turn

%: acrobat
@: mighty
A: sickness immunity, AC +4, negative energy resistance 1, electricity
resistance, torment resistance 1, petrification resistance
a: no special abilities


You were on level 5 of the Dungeon.
You visited 1 branch of the dungeon, and saw 5 of its levels.

You collected 154 gold pieces.

Inventory:

Hand Weapons
 r - a +2 war axe of distortion
Armour
 a - a +0 robe
 c - a +0 leather armour (worn)
Magical Staves
 d - a staff of cold (weapon)
Jewellery
 m - a ring of positive energy (left hand)
 p - a ring of positive energy (right hand)
 q - an amulet of the acrobat (around neck)
Scrolls
 g - a scroll of noise {unknown}
 h - 2 scrolls of identify {unknown}
 j - a scroll of fear {unknown}
 k - a scroll of teleportation {unknown}
 n - 2 scrolls of enchant weapon {unknown}
 o - a scroll of vulnerability
Potions
 b - a potion of magic
 e - 2 potions of curing
 f - 2 potions of might
 i - a potion of degeneration {unknown}
 l - 2 potions of berserk rage {unknown}
 s - a potion of mutation {unknown}


   Skills:
 - Level 3.0 Armour
 - Level 1.5 Dodging
 - Level 2.1 Stealth
 - Level 2.0 Spellcasting
 * Level 2.7 Conjurations
 - Level 4.1 Fire Magic


You had one spell level left.
You knew the following spells:

 Your Spells              Type           Power      Damage    Failure   Level
a - Foxfire               Conj/Fire      52%        2x1d6     6%          1
b - Scorch                Fire           30%        2d6       7%          2
c - Flame Wave            Conj/Fire      13%        2d6       52%         4

Your spell library contained the following spells:

 Spells                   Type           Power      Damage    Failure   Level
 Inner Flame              Hex/Fire       8%         N/A       30%         3
 Volatile Blastmotes      Fire/Tloc      16%        2d11      30%         3


Dungeon Overview and Level Annotations

Branches:
Dungeon (6/15)
 Temple: D:4-7

Altars:
Ru
Xom

Annotations:
D:5 Dowan, Duvessa


Innate Abilities, Weirdness & Mutations

You are immune to sickness and miasma.
Your stone body is resilient. (AC +4)
You are immune to poison.
You resist negative energy. (rN+)
You are resistant to electric shocks. (rElec)
You are resistant to unholy torment.
You are immune to petrification.


Message History

You have reached level 5!
You open the door.
Found a shimmering altar of Xom.
There is an open door here.
You open the door.
There is an open door here.
A wight comes into view. It is wielding a +3 hand axe.
Found a stone staircase leading up.
A gnoll comes into view. It is wielding a +0 flail.
Found a helmet.
A hound comes into view.
The hound barks!
A gnoll sergeant and 2 gnolls come into view.
The gnoll sergeant shouts!
The gnoll shouts!
The hound misses you.
The gnoll shouts!
The hound bites you but does no damage. The hound completely misses you.
The gnoll attacks as it pursues you! The gnoll completely misses you.
The gnoll sergeant completely misses you.
The hound barely misses you.
There is a stone staircase leading up here.
The gnoll hits you with a +0 flail.
The gnoll sergeant hits you with a +0 trident!
Ouch! That really hurt!
* * * LOW HITPOINT WARNING * * *
The gnoll hits you from afar with a +0 halberd.
* * * LOW HITPOINT WARNING * * *
The hound bites you.
* * * LOW HITPOINT WARNING * * *
You climb upwards.
Level annotation: Dowan, Duvessa
Found 32 gold pieces, a scroll labelled NAODWUNEMUF and a hand axe.
Found an escape hatch in the floor.
There is a stone staircase leading down here.
It was a potion of might.
You feel very mighty all of a sudden. The hound barely misses you.
The gnoll hits you with a +0 flail.
You die...

... ... .. .. .
.. .. .. ## #.
.## ..#
#..###.#..#..#
#...........###
#.........$...>
......g@g..#
.#....h.g....#
..........####
. ............
# .#.........?.
#
..........$....
#
..........)....
#
##............#
#


You could see a gnoll sergeant, a hound and 2 gnolls.

Vanquished Creatures
  A jelly (D:6)
  A gnoll (D:1)
  2 adders (D:2)
  2 ribbon worms
  4 orcs (D:3)
  5 bats
  10 endoplasms
  A giant cockroach (D:1)
  6 hobgoblins
  4 jackals (D:2)
  2 quokkas
  3 ball pythons
  3 frilled lizards
  7 goblins
  7 kobolds
  7 rats
65 creatures vanquished.

Vanquished Creatures (others)
  88 foxfires
88 creatures vanquished.

Grand Total: 153 creatures vanquished

Notes
Turn   | Place    | Note
-------+----------+-------------------------------------------
     0 | D:1      | elagabalus the Gargoyle Fire Elementalist began the quest
                  | for the Orb.
     0 | D:1      | Reached XP level 1. HP: 10/10 MP: 3/3
   247 | D:1      | Reached XP level 2. HP: 15/15 MP: 1/5
   273 | D:1      | Learned a level 2 spell: Scorch
   402 | D:1      | Reached skill level 4 in Fire Magic
   402 | D:1      | Reached XP level 3. HP: 19/19 MP: 0/6
   556 | D:1      | Reached skill level 1 in Armour
   972 | D:2      | Found a sacrificial altar of Ru.
  1015 | D:2      | Reached XP level 4. HP: 24/24 MP: 0/7
  1452 | D:3      | Learned a level 4 spell: Flame Wave
  1556 | D:3      | HP: 1/24 [orc/+0 club (3)]
  1882 | D:3      | You fall into a shaft and drop 3 floors!
  1887 | D:6      | Noticed an ogre
  1924 | D:5      | Entered Level 5 of the Dungeon
  1924 | D:5      | Noticed Duvessa
  1924 | D:5      | Noticed Dowan
  1924 | D:5      | Noticed an ogre
  1937 | D:6      | Reached XP level 5. HP: 14/28 MP: 3/8
  1939 | D:6      | Found a shimmering altar of Xom.
  2018 | D:5      | Slain by a gnoll

Illustrated notes

Levels and vault maps discovered:
D:1:      moated_graveyard_arrival, layout_basic, minmay_misc_feat_hallway,
          minmay_tromino_v4_a
D:2:      layout_rooms, basic_altar
D:3:      layout_loops_ring, serial_rivers, chequers_serial_rivers_micro_a,
          chequers_serial_rivers_micro_e, chequers_serial_rivers_large_a,
          chequers_serial_rivers_small_a, chequers_serial_rivers_small_b,
          chequers_serial_rivers_small_a, st_stairs_5
D:5:      layout_rooms, uniq_duvessa, uniq_sigmund
D:6:      layout_layer_cave, kennysheep_mini_moat, temple_doors_cd

Skill      XL: |  1  2  3  4 |
---------------+-------------+-----
Fire Magic     | 4 |  4.1
Armour         | 2 3 |  3.0
Conjurations   | 2 |  2.7
Dodging        | |  1.5
Stealth        | |  2.1
Spellcasting   | |  2.0

Action                     |  1- 3 |  4- 6 || total
---------------------------+-------+-------++-------
  Melee: Staff             |     9 |    28 ||    37
   Cast: Foxfire           |    38 |    15 ||    53
         Scorch            |     9 |    25 ||    34
    Use: Scroll            |     1 |       ||     1
         Potion            |       |     2 ||     2
 Armour: Leather armour    |    24 |    48 ||    72
  Dodge: Dodged            |    19 |    42 ||    61

Table legend: (Time is in decaauts)
 A = Elapsed time spent in this place.
 B = Non-inter-level travel time spent in this place.
 C = Inter-level travel time spent in this place.
 D = Time resting spent in this place.
 E = Time spent auto-exploring this place.
 F = Levels seen in this place.
 G = Mean time per level.
                   A        B        C        D        E       F      G
               +--------+--------+--------+--------+--------+-----+--------+
         Total |   2029 |   1918 |    111 |      0 |      0 |   5 |  405.8 |
       Dungeon |   2029 |   1918 |    111 |      0 |      0 |   5 |  405.8 |
               +--------+--------+--------+--------+--------+-----+--------+

Top non-repeatable levels by time:
     D:1: 929 daAuts
     D:3: 503 daAuts
     D:2: 461 daAuts
     D:6: 124 daAuts
     D:5: 10 daAuts
